 Dungeon Crawl Stone Soup version 0.26.0-20-g3ca415f5b8 (webtiles) character file.

Game seed: 13742761849928485002

2506 thiole the Ducker (level 9, -30/63 HPs)
             Began as an Octopode Hedge Wizard on Jan 25, 2021.
             Killed by an exploding an orc priest (36 damage)
             ... exploding inner flame
             ... on level 7 of the Dungeon.
             The game lasted 00:21:28 (9671 turns).

thiole the Ducker (Octopode Hedge Wizard)           Turns: 9671, Time: 00:21:29

Health: -30/63     AC:  1    Str:  9    XL:     9   Next: 53%
Magic:  0/15       EV: 16    Int: 20    God:
Gold:   381        SH:  0    Dex: 11    Spells: 8/16 levels left

rFire    . . .     SeeInvis .   c - +1 short sword (elec)
rCold    . . .     Faith    .   (no shield)
rNeg     . . .     Spirit   +   b - +0 hat
rPois    .         Reflect  .   h - amulet of guardian spirit
rElec    .         Harm     .   k - ring of willpower
rCorr    .         Rampage  .   (no ring)
Will     +....                  (no ring)
Stlth    ++++......             (no ring)
HPRegen  0.20/turn              (no ring)
MPRegen  0.14/turn              (no ring)
                                (no ring)
                                (no ring)

@: very slightly contaminated, invisible
A: almost no armour, stealthy swim, amphibious, 8 rings, constrict 8, camouflage
1, gelatinous body 1
a: no special abilities


You were on level 7 of the Dungeon.
You visited 2 branches of the dungeon, and saw 8 of its levels.

You collected 381 gold pieces.

Inventory:

Hand Weapons
 c - a +1 short sword of electrocution (weapon)
Missiles
 p - 235 stones (quivered)
Armour
 b - a +0 hat (worn)
Jewellery
 h - an amulet of guardian spirit (around mantle)
 k - a ring of willpower (left tentacle)
 w - an uncursed amulet of faith
Wands
 i - a wand of paralysis (8)
Scrolls
 e - a scroll of enchant weapon
 j - 5 scrolls of remove curse
 l - a scroll of immolation
 m - a scroll of amnesia
 n - 4 scrolls of noise {unknown}
 o - a scroll of random uselessness
 q - 2 scrolls of fear {unknown}
 t - a scroll of magic mapping
 y - a scroll of teleportation {unknown}
 z - a scroll of identify
Potions
 a - 2 potions of attraction
 d - 2 potions of lignification
 x - a potion of brilliance


   Skills:
 * Level 6.6 Fighting
 - Level 5.6 Throwing
 * Level 7.0 Dodging
 - Level 5.0 Stealth
 - Level 4.0 Spellcasting
 - Level 2.0 Conjurations
 - Level 2.0 Summonings
 - Level 1.0 Translocations
 - Level 2.0 Air Magic
 - Level 2.0 Poison Magic


You had 8 spell levels left.
You knew the following spells:

 Your Spells              Type           Power        Failure   Level
a - Magic Dart            Conj           48%          5%          1
b - Call Imp              Summ           12%          9%          2
c - Slow                  Hex            4%           19%         2
d - Mephitic Cloud        Conj/Pois/Air  12%          17%         3

Your spell library contained the following spells:

 Spells                   Type           Power        Failure   Level
 Blink                    Tloc           N/A          13%         2
 Conjure Flame            Conj/Fire      8%           26%         3


Dungeon Overview and Level Annotations

Branches:
Dungeon (7/15)             Temple (1/1) D:4

Altars:
Ashenzari
Cheibriados
Dithmenos
Elyvilon
Fedhas
Kikubaaqudgha
Makhleb
Nemelex Xobeh
Okawaru
Qazlal
Ru
Sif Muna
Uskayaw
Vehumet
Xom
Yredelemnul
Zin
The Shining One


Innate Abilities, Weirdness & Mutations

You cannot wear most types of armour.
You are very stealthy in the water. (Stealth+)
You are amphibious.
You can wear up to eight rings at the same time.
You can use your tentacles to constrict eight enemies at once.
Your skin changes colour to match your surroundings (Stealth+).
Your rubbery body absorbs attacks. (AC +1, EV +1)


Message History

It was a scroll of immolation.
The leopard gecko misses you.
The water moccasin zombie completely misses you.
The gnoll closely misses you.
As you read the scroll labelled PANIAH VOCHE, it crumbles to dust.
It is a scroll of amnesia.
Okay, then.
The leopard gecko bites you.
* * * LOW HITPOINT WARNING * * *
The water moccasin zombie misses you. The gnoll misses you.
There are monsters nearby!
Unknown command.
You closely miss the orc priest. You grab the orc priest.
Your squeeze misses the orc priest.
Flame seeps out of the orc priest.
You constrict the orc priest.
The leopard gecko bites you but does no damage.
The orc priest is engulfed in blazing flames.
The orc priest explodes!
The fiery explosion engulfs you!!!
Ouch! That really hurt!
You die...

#....# #.##†###
#......###
#######.....#
#...........######
#.######.......(.####
#....<..g).............
#.###.#Zl))..#..#......
#.#@##§#.#..#.....
#.#○##...#..#...#
..#§§§.o....#...#
..#(...)@#.##...####
#..#...>...$.......oo
#..#.#..........(((#
#.#(.$[.........#
.(#.?....(......#
####......########


You could see a gnoll (inner flame), a water moccasin zombie (inner flame) and a
leopard gecko (inner flame).

Vanquished Creatures
  Maggie (D:7)
  Duvessa (D:6)
  An orc warrior (D:7)
  An ice beast (D:6)
  A sky beast (D:4)
  A black bear (D:6)
  A phantom (D:6)
  2 centaurs
  An ogre (D:4)
  3 bullfrogs
  A water moccasin zombie (D:5)
  Dowan (D:6)
  A howler monkey (D:6)
  3 jellies
  3 hounds
  A gnoll shaman (D:6)
  3 orc priests (D:7)
  Ijyb (D:5)
  2 iguanas
  5 worker ants
  8 orc wizards
  A hound zombie (D:5)
  12 gnolls
  5 adders
  A shadow imp (D:5)
  3 white imps
  3 ufetubi
  An ooze (D:1)
  A worm (D:4)
  2 dart slugs
  2 leopard geckos
  14 orcs
  3 bats
  3 giant cockroaches
  6 goblins
  7 hobgoblins
  4 jackals
  5 quokkas
  3 ball pythons
  3 frilled lizards
  7 kobolds
  A leopard gecko skeleton (D:6)
  A quokka skeleton (D:6)
  6 rats
136 creatures vanquished.

Vanquished Creatures (collateral kills)
  A phantom (D:5)
  An adder (D:6)
  A shadow imp (D:6)
  2 orcs
5 creatures vanquished.

Vanquished Creatures (others)
  An orc wizard (D:7)
  2 orcs (D:7)
3 creatures vanquished.

Grand Total: 144 creatures vanquished

Notes
Turn   | Place    | Note
-------+----------+-------------------------------------------
     0 | D:1      | thiole the Octopode Hedge Wizard began the quest for the
                  | Orb.
     0 | D:1      | Reached XP level 1. HP: 11/11 MP: 4/4
   202 | D:1      | Reached XP level 2. HP: 17/17 MP: 1/6
   830 | D:1      | Reached XP level 3. HP: 21/21 MP: 5/7
  1364 | D:2      | Found a blossoming altar of Fedhas.
  2029 | D:2      | Found a glowing silver altar of Zin.
  2159 | D:2      | You fall into a shaft and drop 1 floor!
  2437 | D:3      | Found a faded altar of an unknown god.
  2773 | D:3      | Reached XP level 4. HP: 27/27 MP: 3/9
  3651 | D:4      | Reached skill level 1 in Throwing
  3660 | D:4      | Reached XP level 5. HP: 5/31 MP: 8/10
  3685 | D:4      | HP: 1/31 [poisoned by a worker ant]
  4137 | D:4      | Noticed an ogre
  4153 | D:4      | Killed an ogre
  4154 | D:4      | Reached skill level 5 in Stealth
  4317 | D:4      | Reached XP level 6. HP: 29/36 MP: 9/12
  4450 | D:4      | Found a staircase to the Ecumenical Temple.
  4473 | Temple   | Entered the Ecumenical Temple
  5028 | D:5      | Entered Level 5 of the Dungeon
  5601 | D:5      | Noticed a sky beast
  5829 | D:5      | Reached XP level 7. HP: 31/41 MP: 5/13
  6083 | D:5      | Noticed Ijyb
  6093 | D:5      | Killed Ijyb
  6094 | D:5      | Reached skill level 5 in Throwing
  6456 | D:4      | Learned a level 2 spell: Call Imp
  6459 | D:4      | Learned a level 2 spell: Slow
  6463 | D:4      | Learned a level 3 spell: Mephitic Cloud
  6732 | D:5      | Found a basalt altar of Yredelemnul.
  6744 | D:5      | Reached skill level 1 in Fighting
  6959 | D:5      | Reached skill level 1 in Poison Magic
  6971 | D:5      | Reached skill level 1 in Air Magic
  7001 | D:5      | Found a basalt altar of Yredelemnul.
  7127 | D:5      | Found a shimmering blue altar of Sif Muna.
  7359 | D:6      | Reached skill level 3 in Dodging
  7359 | D:6      | Reached XP level 8. HP: 50/50 MP: 12/14
  8174 | D:6      | Reached skill level 4 in Dodging
  8716 | D:6      | Reached skill level 5 in Dodging
  8805 | D:6      | Noticed Duvessa
  8805 | D:6      | Noticed Dowan
  8822 | D:6      | Killed Dowan
  8833 | D:6      | Killed Duvessa
  8834 | D:6      | Reached skill level 5 in Fighting
  9221 | D:6      | Reached XP level 9. HP: 11/61 MP: 3/15
  9570 | D:7      | Noticed Maggie
  9606 | D:7      | Killed Maggie
  9607 | D:7      | Reached skill level 6 in Dodging
  9669 | D:7      | Reached skill level 7 in Dodging
  9671 | D:7      | Killed by an exploding an orc priest... exploding inner
                  | flame

Illustrated notes

Levels and vault maps discovered:
D:1:      minmay_arrival_hallway, layout_loops_ring
D:2:      layout_basic, fedhas_ov_isle_minmay, lemuel_crystal_altar,
          minivault_5, hangedman_decor_points, chequers_decorated_corner
D:3:      layout_basic, chequers_ecumenical_altar_simple
D:4:      layout_loops_cross, minmay_temple_entry_tees,
          chequers_serial_rivers_micro_c, wad_rectangle_vault
D:5:      layout_basic, kennysheep_mini_moat, kennysheep_mini,
          yredelemnul_altar_generic, uniq_ijyb
D:6:      layout_loops_ring, uniq_duvessa
D:7:      layout_basic, nzn_hepliaklqana_mist_gate, minmay_crystal_water,
          uniq_maggie
Temple:   minmay_temple_curvy_branch

Skill      XL: |  1  2  3  4  5  6  7  8  9 |
---------------+----------------------------+-----
Stealth        | 3 4 5 |  5.0
Conjurations   | 2 |  2.0
Summonings     | 2 |  2.0
Throwing       | 1 2 4 5 |  5.6
Spellcasting   | 4 |  4.0
Fighting       | 2 5 6 |  6.6
Poison Magic   | 1 2 |  2.0
Air Magic      | 1 2 |  2.0
Dodging        | 3 5 7 |  7.0
Translocations | |  1.0

Action                   |  1- 3 |  4- 6 |  7- 9 || total
-------------------------+-------+-------+-------++-------
Melee: Dagger            |    18 |       |       ||    18
       Constrict         |     3 |     8 |    18 ||    29
       Short sword       |       |    36 |   133 ||   169
       Tentacles         |       |     8 |    13 ||    21
Throw: Dart              |    12 |    70 |   202 ||   284
       Stone             |       |     3 |    20 ||    23
 Cast: Magic Dart        |    77 |    32 |    51 ||   160
       Call Imp          |       |       |    17 ||    17
Evoke: Wand              |       |       |    11 ||    11
  Use: Potion            |     2 |     5 |     5 ||    12
       Scroll            |       |       |    10 ||    10
 Stab: Distracted        |       |       |     1 ||     1
       Invisible         |       |       |     2 ||     2
       Sleeping          |       |       |     1 ||     1
Armor: Skin              |     3 |     3 |    65 ||    71
Dodge: Dodged            |    14 |    38 |   110 ||   162
